 Dungeon Crawl Stone Soup version 0.19.0-9-gfd783f2 (webtiles) character file.

809 Chiseanne the Ducker (level 7, -3/78 HPs)
             Began as a High Elf Artificer on Nov 7, 2016.
             Was a Follower of Vehumet.
             Slain by Duvessa
             ... wielding a +0 short sword of electrocution
              (18 damage)
             ... on level 5 of the Dungeon.
             The game lasted 00:13:36 (4217 turns).

Chiseanne the Ducker (High Elf Artificer)           Turns: 4217, Time: 00:13:37

Health: -3/78      AC: 23    Str: 11    XL:     7   Next: 61%
Magic:  10/10      EV:  2    Int: 19    God:    Vehumet [*.....]
Gold:   155        SH:  0    Dex: 17    Spells: 0 memorised, 8 levels left

rFire  + . .     SeeInvis +     a - +4 quarterstaff (chaos)
rCold  . . .     Gourm    .     (armour currently unavailable)
rNeg   + + +     Faith    .     (shield currently unavailable)
rPois  +         Spirit   .     (helmet currently unavailable)
rElec  .         Reflect  .     (cloak currently unavailable)
rCorr  .         Harm     .     (gloves currently unavailable)
MR     .....     NoTele   +     (boots currently unavailable)
Stlth  ++........               u - amulet of regeneration
                                e - ring of Zunnaezee {rF+ Int+3 SInv}
                                w - +1 ring of evasion

@: tree-form
A: no striking features
a: Renounce Religion


You were on level 5 of the Dungeon.
You worshipped Vehumet.
Vehumet was aware of your devotion.
You were not hungry.
You were a tree.
You visited 1 branch of the dungeon, and saw 5 of its levels.

You collected 155 gold pieces.

Inventory:

Hand Weapons
 a - a +4 quarterstaff of chaos (weapon)
 s - a +1 hand axe of chopping
Missiles
 g - 140 arrows
 h - 12 poisoned needles
 m - 105 stones (quivered)
 v - 10 sling bullets
Armour
 b - a +0 leather armour (melded)
 p - a +1 cloak (melded)
Jewellery
 e - the ring of Zunnaezee (right branch) {rF+ Int+3 SInv}
   (You found it on level 5 of the Dungeon)

   [ring of protection from fire]

   It affects your intelligence (+3).
   It protects you from fire.
   It lets you see invisible.
 k - an uncursed ring of resist corrosion
 u - an amulet of regeneration (around neck)
 w - a +1 ring of evasion (left branch)
Wands
 c - a wand of flame (6/48)
 d - a wand of enslavement (10/24)
 x - a wand of flame (29/48)
Scrolls
 o - a scroll of magic mapping
 q - 2 scrolls of remove curse
 A - a scroll of immolation
Potions
 l - 2 potions of brilliance
 n - 2 potions of curing
Comestibles
 f - 8 bread rations
 i - 2 meat rations
 j - 2 slices of pizza
 t - 7 chunks of flesh


   Skills:
 * Level 6.0 Fighting
   Level 1.2 Short Blades
 * Level 6.7 Dodging
 - Level 1.1 Stealth
 * Level 1.3 Spellcasting
 - Level 3.0 Evocations


You had 8 spell levels left.
You didn't know any spells.

Dungeon Overview and Level Annotations

Branches:
Dungeon (5/15)             Temple (0/1) D:4

Altars:
Hepliaklqana
Kikubaaqudgha
Qazlal
Ru
Trog
Vehumet

Shops:
D:4 (

Annotations:
D:5 Duvessa


Message History

You sock Duvessa!
You heal Duvessa.
Duvessa is heavily wounded. x2
Duvessa hits you but does no damage.
Duvessa hits you with a short sword of electrocution!
* * * LOW HITPOINT WARNING * * *
You are electrocuted!
* * * LOW HITPOINT WARNING * * *
You feel much better. Duvessa hits you but does no damage.
You hit Duvessa.
Duvessa is heavily wounded.
Duvessa hits you but does no damage.
You are electrocuted!
* * * LOW HITPOINT WARNING * * *
Duvessa hits you but does no damage.
You sock Duvessa!
Duvessa is almost dead.
Duvessa is no longer berserk.
Duvessa hits you with a short sword of electrocution.
* * * LOW HITPOINT WARNING * * *
You are electrocuted!
You die...

#########.# #.#
#......##.#########.#
##.###.#............#
#. #......#########
#.#.#....# #.......#
#.##.### #.).##
#..♣.# ♣.##e#.# P.#
#5##.# #.# ... ...
♣.# ...# #.# ?P♣
#...# #.. P. ##..# #.
....


You could see Duvessa and a quasit.

Vanquished Creatures
  A black mamba (D:4)
  A centaur zombie (D:5)
  A howler monkey (D:5)
  An orc wizard (D:4)
  Crazy Yiuf (D:4)
  A hound (D:4)
  A bullfrog skeleton (D:4)
  An iguana (D:4)
  3 worker ants
  A hound skeleton (D:5)
  A gnoll (D:1)
  6 adders
  2 worms
  A dart slug (D:1)
  6 leopard geckos
  10 orcs (D:4)
  7 bats
  3 giant cockroaches
  5 goblins
  6 hobgoblins
  11 jackals
  4 kobolds
  4 quokkas
  3 ball pythons
  A ball python zombie (D:5)
  3 frilled lizards
  5 rats
90 creatures vanquished.

Vanquished Creatures (collateral kills)
  A slave (D:4)
  Dowan (D:5)
  A shadow imp (D:5)
  An orc (D:5)
  A jackal (D:1)
5 creatures vanquished.

Vanquished Creatures (others)
  3 slaves (D:4)
  An orc wizard (D:4)
  A jackal (D:1)
5 creatures vanquished.

Grand Total: 100 creatures vanquished

Notes
Turn   | Place    | Note
-------+----------+-------------------------------------------
     0 | D:1      | Chiseanne the High Elf Artificer began the quest for the Orb.
     0 | D:1      | Reached XP level 1. HP: 13/13 MP: 4/4
   291 | D:1      | Reached XP level 2. HP: 14/18 MP: 5/5
   718 | D:1      | Reached XP level 3. HP: 23/24 MP: 6/6
  1608 | D:2      | Reached XP level 4. HP: 23/30 MP: 7/7
  2143 | D:3      | Found a stormy altar of Qazlal.
  2250 | D:3      | Found a sacrificial altar of Ru.
  2250 | D:3      | Found a bloodstained altar of Trog.
  2705 | D:4      | Reached XP level 5. HP: 35/36 MP: 8/8
  2777 | D:4      | Found an ancient bone altar of Kikubaaqudgha.
  2777 | D:4      | Found a radiant altar of Vehumet.
  2786 | D:4      | Became a worshipper of Vehumet
  2923 | D:4      | Found a runed door.
  2989 | D:4      | Found a staircase to the Ecumenical Temple.
  3137 | D:4      | Noticed a slave
  3139 | D:4      | Noticed a slave
  3140 | D:4      | Noticed Pikel
  3141 | D:4      | Noticed a slave
  3146 | D:4      | Killed a slave
  3150 | D:4      | Noticed a slave
  3153 | D:4      | Noticed Pikel
  3153 | D:4      | Pikel changed into Pikel the polar bear
  3207 | D:4      | Killed a freed slave
  3212 | D:4      | Killed a freed slave
  3231 | D:4      | Found a hazy altar of Hepliaklqana.
  3246 | D:4      | Reached skill level 5 in Dodging
  3265 | D:4      | Reached XP level 6. HP: 14/43 MP: 9/9
  3417 | D:4      | Found Laommestig's Antique Weapon Emporium.
  3617 | D:4      | Noticed Pikel
  3617 | D:4      | Pikel the polar bear changed into Pikel the black mamba
  3619 | D:4      | Killed Pikel the black mamba
  3619 | D:4      | Reached skill level 5 in Fighting
  3619 | D:4      | Reached XP level 7. HP: 8/50 MP: 10/10
  3756 | D:4      | Noticed Crazy Yiuf
  3763 | D:4      | Killed Crazy Yiuf
  3812 | D:5      | Entered Level 5 of the Dungeon
  3878 | D:5      | Reached * piety under Vehumet
  3878 | D:5      | Offered knowledge of Sandblast by Vehumet.
  3916 | D:5      | Got a shimmering iron ring
  4011 | D:5      | Identified the ring of Zunnaezee {rF+ Int+3 SInv} (You found it on level 5 of the Dungeon)
  4095 | D:5      | Reached skill level 1 in Spellcasting
  4178 | D:5      | Noticed Duvessa
  4180 | D:5      | Noticed Dowan
  4199 | D:5      | Killed Dowan
  4214 | D:5      | HP: 2/78 [Duvessa/short sword of electrocution (17)]
  4217 | D:5      | Slain by Duvessa

Skill      XL: |  1  2  3  4  5  6  7 |
---------------+----------------------+-----
Fighting       | 2 3 4 5 6 |  6.0
Dodging        | 3 4 5 6 |  6.7
Spellcasting   | 1 |  1.3
Short Blades   | |  1.2
Stealth        | |  1.1
Evocations     | |  3.0

Action                   |  1- 3 |  4- 6 |  7- 9 || total
-------------------------+-------+-------+-------++-------
Melee: Short sword       |   108 |       |       ||   108
       Hand axe          |    26 |   142 |     3 ||   171
       Quarterstaff      |       |       |    37 ||    37
Evoke: Wand              |     8 |    25 |    10 ||    43
  Use: Scroll            |     5 |    11 |     2 ||    18
       Potion            |       |       |     3 ||     3
 Stab: Sleeping          |     1 |     1 |       ||     2
       Confused          |       |       |     1 ||     1
  Eat: Chunk             |     2 |     7 |     2 ||    11
Armor: Leather armour    |    43 |    30 |     8 ||    81
       Skin              |       |       |    10 ||    10
Dodge: Dodged            |   123 |   136 |    51 ||   310
